PAA
FT. POLK SOUTH THUNDER HAWKS @ MINNESOTA LOONS
08/01/2038
 
TOP OF THE 1ST
Ft. Polk South Thunder Hawks batting - Pitching for Minnesota Loons : RHP Pjotr de Moor
Pitching: RHP Pjotr de Moor
Batting: RHB Juho Hovinen 0-0: Fly out, F9 (Flyball, 9S, EV 92.5 MPH)
Batting: LHB Teng Xuefeng 0-0: Ball
1-0: Swinging Strike
1-1: Swinging Strike
1-2: Ball
2-2: Strikes out swinging
Batting: RHB Terry Kurucz 0-0: SINGLE (Groundball, 34D, EV 108.1 MPH)
Batting: LHB Carlos Castro 0-0: Ball
1-0: Called Strike
1-1: Fielders Choice at 2nd, 6-4 (Groundball, 6, EV 100.6 MPH)
Top of the 1st over - 0 runs, 1 hit, 0 errors, 1 left on base; Ft. Polk South 0 - Minnesota 0
BOTTOM OF THE 1ST
Minnesota Loons batting - Pitching for Ft. Polk South Thunder Hawks : RHP Laurel Yanny
Pitching: RHP Laurel Yanny
Batting: SHB Milojica Kordic 0-0: TRIPLE (Flyball, 78XD, EV 95.6 MPH)
Batting: RHB Yoshiki Ito 0-0: Ball
1-0: Foul Ball, location: 2F
1-1: Ground out 6-3 (Groundball, 6M, EV 86.2 MPH)
Milojica Kordic scores
Batting: LHB Cameron Woolever 0-0: SINGLE (Groundball, 56D, EV 103.1 MPH)
Batting: LHB Tom Holbert 0-0: Ball
1-0: Called Strike
Cameron Woolever steals 2nd base (no throw)
1-1: Foul Ball, location: 2F
1-2: Ball
2-2: Strikes out looking
Batting: RHB Igme Samson 0-0: Ball
1-0: Foul Ball, location: 2F
1-1: Ball
2-1: Ball
3-1: Base on Balls
Batting: RHB David Stone 0-0: Ball
1-0: Called Strike
1-1: Ball
2-1: Foul Ball, location: 2F
2-2: Ball
3-2: Fly out, F7 (Flyball, 7, EV 90.0 MPH)
Bottom of the 1st over - 1 run, 2 hits, 0 errors, 2 left on base; Ft. Polk South 0 - Minnesota 1
TOP OF THE 2ND
Ft. Polk South Thunder Hawks batting - Pitching for Minnesota Loons : RHP Pjotr de Moor
Batting: RHB Justin Forbes 0-0: Foul Ball, location: 2F
0-1: Ball
1-1: Ground out 6-3 (Groundball, 6, EV 108.1 MPH)
Batting: LHB Anastasio Flores 0-0: Ball
1-0: Ball
2-0: SINGLE (Groundball, 34D, EV 100.6 MPH)
Batting: LHB Gregory Clement 0-0: Called Strike
0-1: Ground out 4-3 (Groundball, 4S, EV 84.4 MPH)
Anastasio Flores to second
Batting: RHB Lucas Gallant 0-0: Ball
1-0: Ball
2-0: Ground out 4-3 (Groundball, 4S, EV 70.0 MPH)
Top of the 2nd over - 0 runs, 1 hit, 0 errors, 1 left on base; Ft. Polk South 0 - Minnesota 1
BOTTOM OF THE 2ND
Minnesota Loons batting - Pitching for Ft. Polk South Thunder Hawks : RHP Laurel Yanny
Batting: RHB Javier Vázquez 0-0: Called Strike
0-1: Ball
1-1: Fly out, F6 (Popup, 6MS, EV 75.0 MPH)
Batting: RHB Sehinsah Al-Fanari 0-0: Ball
1-0: Swinging Strike
1-1: SOLO HOME RUN (Flyball, 7D, EV 101.2 MPH), Distance : 349 ft
Batting: RHB Gregory Davis 0-0: Foul Ball, location: 2F
0-1: Called Strike
0-2: Ball
1-2: Foul Ball, location: 2F
1-2: SINGLE (Flyball, 9S, EV 91.9 MPH)
Batting: SHB Milojica Kordic 0-0: Foul Ball, location: 2F
0-1: Ball
1-1: Fielders Choice at 2nd, 3-6 (Groundball, 34S, EV 88.1 MPH)
Batting: RHB Yoshiki Ito 0-0: Ball
1-0: Called Strike
1-1: Fly out, F9 (Flyball, 9, EV 90.0 MPH)
Bottom of the 2nd over - 1 run, 2 hits, 0 errors, 1 left on base; Ft. Polk South 0 - Minnesota 2
TOP OF THE 3RD
Ft. Polk South Thunder Hawks batting - Pitching for Minnesota Loons : RHP Pjotr de Moor
Batting: RHB Raúl Colomo 0-0: Ball
1-0: Ball
2-0: Called Strike
2-1: Foul Ball, location: 2F
2-2: SINGLE (Flyball, 78M, EV 91.9 MPH)
Batting: RHB Juho Hovinen 0-0: Ball
1-0: Ball
2-0: Called Strike
2-1: Foul Ball, location: 2F
2-2: Ball
3-2: SINGLE (Groundball, 4D, EV 98.1 MPH)
Raúl Colomo to second
Batting: LHB Teng Xuefeng 0-0: Ball
1-0: Fly out, F7 (Flyball, 7D, EV 102.5 MPH)
Batting: RHB Terry Kurucz 0-0: Called Strike
0-1: Swinging Strike
0-2: Ball
1-2: Ball
Wild Pitch!
Raúl Colomo to third
Juho Hovinen to second
2-2: Fly out, F4 (Popup, 4S, EV 76.2 MPH)
Batting: LHB Carlos Castro 0-0: Called Strike
0-1: TRIPLE (Line Drive, 8RXD, EV 107.5 MPH)
Raúl Colomo scores
Juho Hovinen scores
Batting: RHB Justin Forbes 0-0: Called Strike
0-1: Foul Ball, location: 2F
0-2: SINGLE (Groundball, 6MD, EV 108.8 MPH)
Carlos Castro scores
Batting: LHB Anastasio Flores 0-0: Ball
Wild Pitch!
Justin Forbes to second
1-0: Foul Ball, location: 2F
1-1: Called Strike
1-2: Ball
2-2: Ball
3-2: Foul Ball, location: 2F
3-2: Foul Ball, location: 2F
3-2: SINGLE (Line Drive, 8LS, EV 88.8 MPH)
Justin Forbes to third
Justin Forbes scores
Batting: LHB Gregory Clement 0-0: Called Strike
0-1: Called Strike
0-2: Ball
1-2: Fly out, F7 (Line Drive, 7, EV 94.4 MPH)
Top of the 3rd over - 4 runs, 5 hits, 0 errors, 1 left on base; Ft. Polk South 4 - Minnesota 2
BOTTOM OF THE 3RD
Minnesota Loons batting - Pitching for Ft. Polk South Thunder Hawks : RHP Laurel Yanny
Batting: LHB Cameron Woolever 0-0: Fly out, F9 (Flyball, 89M, EV 90.6 MPH)
Batting: LHB Tom Holbert 0-0: Ball
1-0: Called Strike
1-1: Foul Ball, location: 2F
1-2: Strikes out swinging
Batting: RHB Igme Samson 0-0: Foul Ball, location: 2F
0-1: Foul Ball, location: 2F
0-2: Ball
1-2: Ball
2-2: SOLO HOME RUN (Line Drive, 7D, EV 94.4 MPH), Distance : 365 ft
Batting: RHB David Stone 0-0: Ball
1-0: Called Strike
1-1: Ball
2-1: Ball
3-1: Base on Balls
Batting: RHB Javier Vázquez 0-0: Ball
1-0: Ball
2-0: Swinging Strike
2-1: Foul Ball, location: 2F
2-2: Strikes out swinging
Bottom of the 3rd over - 1 run, 1 hit, 0 errors, 1 left on base; Ft. Polk South 4 - Minnesota 3
TOP OF THE 4TH
Ft. Polk South Thunder Hawks batting - Pitching for Minnesota Loons : RHP Pjotr de Moor
Batting: RHB Lucas Gallant 0-0: Swinging Strike
0-1: Ball
1-1: Fly out, F6 (Popup, 6, EV 78.1 MPH)
Batting: RHB Raúl Colomo 0-0: Called Strike
0-1: Foul Ball, location: 2F
0-2: Ball
1-2: Ground out 1-3 (Groundball, P, EV 88.1 MPH)
Batting: RHB Juho Hovinen 0-0: SOLO HOME RUN (Line Drive, 78XD, EV 110.0 MPH), Distance : 404 ft
Batting: LHB Teng Xuefeng 0-0: SINGLE (Flyball, 78S, EV 86.9 MPH)
Pitching: RHP Adrián Porras
Batting: RHB Terry Kurucz 0-0: Swinging Strike
0-1: Ball
1-1: Called Strike
1-2: Ball
2-2: Ball
Teng Xuefeng is caught stealing 2nd base 2-4
Top of the 4th over - 1 run, 2 hits, 0 errors, 0 left on base; Ft. Polk South 5 - Minnesota 3
BOTTOM OF THE 4TH
Minnesota Loons batting - Pitching for Ft. Polk South Thunder Hawks : RHP Laurel Yanny
Batting: RHB Sehinsah Al-Fanari 0-0: Called Strike
0-1: Called Strike
0-2: SINGLE (Line Drive, 9S, EV 99.4 MPH)
Batting: RHB Gregory Davis 0-0: Called Strike
0-1: Fly out, F7 (Flyball, 7S, EV 91.2 MPH)
Batting: SHB Milojica Kordic 0-0: Ball
1-0: SINGLE (Groundball, 56D, EV 95.6 MPH)
Sehinsah Al-Fanari to second
Batting: RHB Yoshiki Ito 0-0: Fielders Choice at 2nd, 6-4 (Groundball, 56, EV 105.0 MPH)
Sehinsah Al-Fanari to third
Batting: LHB Cameron Woolever 0-0: Ball
1-0: SINGLE (Line Drive, 7S, EV 107.5 MPH)
Sehinsah Al-Fanari scores
Yoshiki Ito to second
Batting: LHB Tom Holbert 0-0: Called Strike
0-1: Swinging Strike
0-2: Ball
1-2: Strikes out swinging
Bottom of the 4th over - 1 run, 3 hits, 0 errors, 2 left on base; Ft. Polk South 5 - Minnesota 4
TOP OF THE 5TH
Ft. Polk South Thunder Hawks batting - Pitching for Minnesota Loons : RHP Adrián Porras
Batting: RHB Terry Kurucz 0-0: Called Strike
0-1: Called Strike
0-2: Ball
1-2: DOUBLE (Groundball, 5L, EV 111.2 MPH)
Batting: LHB Carlos Castro 0-0: Ball
1-0: Ball
2-0: Ball
3-0: Base on Balls
Batting: RHB Justin Forbes 0-0: Ball
1-0: Foul Ball, location: 2F
1-1: Swinging Strike
1-2: Ball
2-2: Fielders Choice at 2nd, 1-4 (Groundball, 25, EV 74.4 MPH)
Terry Kurucz to third
Batting: LHB Anastasio Flores 0-0: Called Strike
0-1: SINGLE (Groundball, 6MD, EV 98.8 MPH)
Terry Kurucz scores
Justin Forbes to second
Batting: LHB Gregory Clement 0-0: Ball
1-0: SINGLE (Line Drive, 5D, EV 111.9 MPH)
Justin Forbes to third
Anastasio Flores to second
Runner from 3rd tries for Home, SAFE, no throw by LF
Batting: RHB Lucas Gallant 0-0: Ball
1-0: Swinging Strike
1-1: Ball
2-1: Grounds into double play, 5-4-3 (Groundball, 56, EV 104.4 MPH)
Top of the 5th over - 2 runs, 3 hits, 0 errors, 1 left on base; Ft. Polk South 7 - Minnesota 4
BOTTOM OF THE 5TH
Minnesota Loons batting - Pitching for Ft. Polk South Thunder Hawks : RHP Laurel Yanny
Batting: RHB Igme Samson 0-0: Foul Ball, location: 2F
0-1: DOUBLE (Line Drive, 5D, EV 99.4 MPH)
Batting: RHB David Stone 0-0: Foul Ball, location: 2F
0-1: Foul Ball, location: 2F
0-2: Ball
1-2: DOUBLE (Line Drive, 7LS, EV 98.1 MPH)
Igme Samson scores
Batting: RHB Javier Vázquez 0-0: Ball
1-0: Foul Ball, location: 2F
1-1: Ball
2-1: Swinging Strike
2-2: Ball
3-2: Base on Balls
Pitching: RHP Job Janssen
Batting: RHB Sehinsah Al-Fanari 0-0: Bunted foul
0-1: Bunt missed!
0-2: Ball
1-2: Strikes out looking
Batting: RHB Gregory Davis 0-0: Ball
1-0: Grounds into double play, 1-4-3 (Groundball, P, EV 67.5 MPH)
Bottom of the 5th over - 1 run, 2 hits, 0 errors, 1 left on base; Ft. Polk South 7 - Minnesota 5
TOP OF THE 6TH
Ft. Polk South Thunder Hawks batting - Pitching for Minnesota Loons : RHP Adrián Porras
Batting: RHB Raúl Colomo 0-0: Ground out 6-3 (Groundball, 6, EV 110.6 MPH)
Batting: RHB Juho Hovinen 0-0: Called Strike
0-1: Fly out, F6 (Line Drive, 6, EV 68.8 MPH)
Batting: LHB Teng Xuefeng 0-0: Called Strike
0-1: Ball
1-1: Ball
2-1: Foul Ball, location: 2F
2-2: Fly out, F1 (Popup, P, EV 83.1 MPH)
Top of the 6th over - 0 runs, 0 hits, 0 errors, 0 left on base; Ft. Polk South 7 - Minnesota 5
BOTTOM OF THE 6TH
Minnesota Loons batting - Pitching for Ft. Polk South Thunder Hawks : RHP Job Janssen
Batting: SHB Milojica Kordic 0-0: Ball
1-0: Foul Ball, location: 2F
1-1: Foul Ball, location: 2F
1-2: Ball
2-2: SINGLE (Flyball, 7LM, EV 88.8 MPH)
Batting: RHB Yoshiki Ito 0-0: Ball
Milojica Kordic steals 2nd base
1-0: Ball
2-0: Called Strike
2-1: Ball
3-1: Called Strike
3-2: Fly out, F3 (Popup, 3S, EV 71.9 MPH)
Batting: LHB Cameron Woolever 0-0: Ground out 1-3 (Groundball, 15S, EV 62.5 MPH)
Batting: LHB Tom Holbert 0-0: Foul Ball, location: 2F
0-1: Ball
1-1: Ball
2-1: Ball
3-1: Foul Ball, location: 2F
3-2: Foul Ball, location: 2F
3-2: Ground out 1-3 (Groundball, 13, EV 91.9 MPH)
Bottom of the 6th over - 0 runs, 1 hit, 0 errors, 1 left on base; Ft. Polk South 7 - Minnesota 5
TOP OF THE 7TH
Ft. Polk South Thunder Hawks batting - Pitching for Minnesota Loons : RHP Adrián Porras
Batting: RHB Terry Kurucz 0-0: Called Strike
0-1: Called Strike
0-2: Foul Ball, location: 2F
0-2: Ball
1-2: Strikes out looking
Batting: LHB Carlos Castro 0-0: Foul Ball, location: 2F
0-1: Swinging Strike
0-2: Ball
1-2: Ball
2-2: Foul Ball, location: 2F
2-2: Foul Ball, location: 2F
2-2: Foul Ball, location: 2F
2-2: Foul Ball, location: 2F
2-2: Ball
3-2: Fly out, F8 (Line Drive, 8LM, EV 103.8 MPH)
Batting: RHB Justin Forbes 0-0: Fly out, F8 (Line Drive, 8LD, EV 93.8 MPH)
Top of the 7th over - 0 runs, 0 hits, 0 errors, 0 left on base; Ft. Polk South 7 - Minnesota 5
BOTTOM OF THE 7TH
Minnesota Loons batting - Pitching for Ft. Polk South Thunder Hawks : RHP Job Janssen
Batting: RHB Igme Samson 0-0: Ball
1-0: Ball
2-0: Foul Ball, location: 2F
2-1: Called Strike
2-2: Foul Ball, location: 2F
2-2: TRIPLE (Line Drive, 8RXD, EV 106.9 MPH)
Batting: RHB David Stone 0-0: Ball
1-0: Ball
2-0: Ball
3-0: Base on Balls
Batting: RHB Javier Vázquez 0-0: Ball
1-0: Ball
2-0: Called Strike
2-1: Called Strike
2-2: Strikes out swinging
Batting: RHB Sehinsah Al-Fanari 0-0: Ball
1-0: SINGLE (Groundball, 56D, EV 100.6 MPH)
Igme Samson scores
David Stone to second
Pinch Hitting: RHB Phil van Oosterom 0-0: SINGLE (Groundball, 6MD, EV 106.2 MPH)
David Stone to third
Sehinsah Al-Fanari to second
Runner from 3rd tries for Home, SAFE, throw by CF to home
Pitching: LHP António García
Batting: SHB Milojica Kordic 0-0: Ball
1-0: Called Strike
1-1: Swinging Strike
1-2: Ball
2-2: Strikes out looking
Batting: RHB Yoshiki Ito 0-0: Ball
1-0: Foul Ball, location: 2F
1-1: Foul Ball, location: 2F
1-2: Foul Ball, location: 2F
1-2: Strikes out swinging
Bottom of the 7th over - 2 runs, 3 hits, 0 errors, 2 left on base; Ft. Polk South 7 - Minnesota 7
TOP OF THE 8TH
Ft. Polk South Thunder Hawks batting - Pitching for Minnesota Loons : RHP Adrián Porras
Pitching: RHP Tekoa Kinsinger
Now at 1B: Salvador Gisbert
Batting: LHB Anastasio Flores 0-0: Foul Ball, location: 2F
0-1: Ball
1-1: Ball
2-1: Ball
3-1: Called Strike
3-2: Foul Ball, location: 2F
3-2: Fly out, F9 (Flyball, 9D, EV 96.9 MPH)
Batting: LHB Gregory Clement 0-0: Fly out, F7 (Flyball, 7S, EV 94.4 MPH)
Batting: RHB Lucas Gallant 0-0: Called Strike
0-1: Ball
1-1: Ball
2-1: Foul Ball, location: 2F
2-2: Foul Ball, location: 2F
2-2: Foul Ball, location: 2F
2-2: Strikes out looking
Top of the 8th over - 0 runs, 0 hits, 0 errors, 0 left on base; Ft. Polk South 7 - Minnesota 7
BOTTOM OF THE 8TH
Minnesota Loons batting - Pitching for Ft. Polk South Thunder Hawks : LHP António García
Batting: LHB Cameron Woolever 0-0: SINGLE (Line Drive, 7LS, EV 91.2 MPH)
Batting: LHB Tom Holbert 0-0: Ball
1-0: Ball
2-0: Ball
3-0: Called Strike
3-1: Base on Balls
Cameron Woolever to second
Batting: RHB Igme Samson 0-0: Ball
1-0: Foul Ball, location: 2F
1-1: Ball
2-1: Fly out, F8 (Flyball, 89M, EV 93.1 MPH)
Batting: RHB David Stone 0-0: Called Strike
0-1: Ball
1-1: Ball
2-1: Ball
3-1: Foul Ball, location: 2F
3-2: Fly out, F7 (Flyball, 7, EV 88.1 MPH)
Batting: RHB Javier Vázquez 0-0: Ball
1-0: Swinging Strike
1-1: Called Strike
1-2: Ball
2-2: Foul Ball, location: 2F
2-2: Strikes out looking
Bottom of the 8th over - 0 runs, 1 hit, 0 errors, 2 left on base; Ft. Polk South 7 - Minnesota 7
TOP OF THE 9TH
Ft. Polk South Thunder Hawks batting - Pitching for Minnesota Loons : RHP Tekoa Kinsinger
Batting: RHB Raúl Colomo 0-0: Ground out 3-1 (Groundball, 34, EV 85.6 MPH)
Batting: RHB Juho Hovinen 0-0: Ground out 6-3 (Groundball, 6, EV 103.1 MPH)
Batting: LHB Teng Xuefeng 0-0: Called Strike
0-1: Ball
1-1: Foul Ball, location: 2F
1-2: Ball
2-2: Foul Ball, location: 2F
2-2: Strikes out swinging
Top of the 9th over - 0 runs, 0 hits, 0 errors, 0 left on base; Ft. Polk South 7 - Minnesota 7
BOTTOM OF THE 9TH
Minnesota Loons batting - Pitching for Ft. Polk South Thunder Hawks : LHP António García
Batting: RHB Sehinsah Al-Fanari 0-0: Called Strike
0-1: Foul Ball, location: 2F
0-2: Foul Ball, location: 2F
0-2: Ball
1-2: Strikes out swinging
Batting: RHB Salvador Gisbert 0-0: Fly out, F9 (Flyball, 89XD, EV 76.2 MPH)
Batting: SHB Milojica Kordic 0-0: Ground out 6-3 (Groundball, 6, EV 80.6 MPH)
Bottom of the 9th over - 0 runs, 0 hits, 0 errors, 0 left on base; Ft. Polk South 7 - Minnesota 7
TOP OF THE 10TH
Ft. Polk South Thunder Hawks batting - Pitching for Minnesota Loons : RHP Tekoa Kinsinger
Pitching: RHP Ye-qing Tsai
Batting: RHB Terry Kurucz 0-0: Ball
1-0: Ball
2-0: Ball
3-0: Base on Balls
Batting: LHB Carlos Castro Pickoff Throw to First - Out! 1-3
0-0: Called Strike
0-1: Called Strike
0-2: Ball
1-2: Ball
2-2: Foul Ball, location: 2F
2-2: Foul Ball, location: 2F
2-2: Foul Ball, location: 2F
2-2: Foul Ball, location: 2F
2-2: Ball
3-2: Fly out, F7 (Flyball, 78D, EV 102.5 MPH)
Batting: RHB Justin Forbes 0-0: Ball
1-0: Swinging Strike
1-1: Swinging Strike
1-2: Ball
2-2: Ball
3-2: Base on Balls
Batting: LHB Anastasio Flores 0-0: Foul Ball, location: 2F
0-1: Foul Ball, location: 2F
0-2: Ball
1-2: Ball
2-2: Fly out, F9 (Flyball, 89M, EV 78.1 MPH)
Top of the 10th over - 0 runs, 0 hits, 0 errors, 1 left on base; Ft. Polk South 7 - Minnesota 7
BOTTOM OF THE 10TH
Minnesota Loons batting - Pitching for Ft. Polk South Thunder Hawks : LHP António García
Batting: RHB Yoshiki Ito 0-0: Ball
1-0: Ball
2-0: Called Strike
2-1: Ball
3-1: SINGLE (Groundball, 6MD, EV 105.6 MPH)
Pitching: RHP Bailey Achurch
Batting: LHB Cameron Woolever 0-0: Fielders Choice at 2nd, 4-6 (Groundball, 34, EV 83.1 MPH)
Batting: LHB Tom Holbert 0-0: Ball
1-0: Ball
2-0: Swinging Strike
2-1: Called Strike
2-2: Strikes out looking
Cameron Woolever steals 2nd base
Batter strikes out.
Batting: RHB Igme Samson 0-0: Called Strike
0-1: Foul Ball, location: 2F
0-2: Ball
1-2: SINGLE (Groundball, 6MD, EV 103.8 MPH)
Cameron Woolever to third
Runner from 3rd tries for Home, SAFE, throw by CF to home
Friday, April 17th, 2020 - OOTP Baseball 20.8 Build 74